[Event "Titled Tuesday Blitz July 4 Early 2023"]
[White "Ashraf, Artin"]
[Black "Balla, Tamas-Kristof"]
[WhiteFideId "22514805"]
[BlackFideId "1208497"]
[WhiteElo "2713"]
[BlackElo "2461"]
[Result "1/2-1/2"]
[Round "10"]
[TimeControl "180+2"]
[Date "2023.07.04"]
[WhiteClock "0:00:04"]
[BlackClock "0:00:05"]
[Board "95"]

1. e4 c5 2. Nf3 Nc6 3. Bb5 Nf6 4. d3 g6 5. O-O Bg7 6. Bxc6 dxc6 7. h3 O-O 8. Be3 b6 9. a4 a5 10. Qc1 Re8 11. Nbd2 e5 12. Nc4 Qc7 13. Bh6 Nh5 14. g4 Bxh6 15. Qxh6 Nf4 16. Rae1 f6 17. Ne3 Be6 18. Ng2 Nxg2 19. Kxg2 Rad8 20. b3 b5 21. g5 f5 22. h4 c4 23. h5 cxd3 24. cxd3 Bxb3 25. hxg6 fxe4 26. dxe4 Qg7 27. Rh1 Qxh6 28. Rxh6 Rd7 29. Reh1 Ree7 30. gxh7+ Rxh7 31. Nxe5 Rdg7 32. Rxh7 Rxh7 33. Rxh7 Kxh7 34. Nxc6 bxa4 35. Nxa5 Bc2 36. Nc4 Bxe4+ 37. Kg3 Bd5 38. Na3 Kg6 39. Kg4 Be6+ 40. Kf4 Bd5 41. Ke5 Kxg5 42. f4+ Kg4 43. f5 Bb3 44. f6 Kg5 45. Nb5 Kg6 46. Nd4 Kf7 47. Nb5 Be6 48. Nd6+ Kf8 49. Nb5 a3 50. Nxa3 Bf7 51. Nb5 Ba2 52. Nd4 Bb1 53. Ne6+ Kf7 54. Ng5+ Kf8 55. Ke6 Ba2+ 56. Ke5 Bb3 57. Nh7+ Kg8 58. Ng5 Ba2 59. Ne4 Bb3 60. Nd6 Ba2 61. Kf4 Bb3 62. Kg5 Ba2 63. Nb7 Bb3 64. Nc5 Ba2 65. Kg6 Bb1+ 66. Kh6 Ba2 67. Nd3 Kf7 68. Kg5 Kg8 69. Ne5 Bb3 70. Kg6 Ba2 71. Nc6 Kf8 72. Kg5 Bb3 73. Kf5 Kg8 74. Ke5 Ba2 75. Kd6 Kf8 76. Ne5 Bb3 77. Kc5 Ba2 78. Kb4 Bg8 79. Kc3 Ba2 80. Kd4 Be6 81. Kc5 Ba2 82. Kd6 Bb1 83. Nd7+ Kf7 84. Ke5 Ba2 85. Nc5 Kf8 86. Ne6+ Kf7 87. Ng5+ Kf8 88. Kf5 Bb1+ 89. Ke6 Ba2+ 90. Kd6 Bb3 91. Ke5 Ba2 92. Ne6+ Kf7 93. Nd4 Kf8 94. Nf5 Bb3 95. Nd6 Ba2 96. f7 Bxf7 1/2-1/2


[Site "https://www.chess.com"]

[Event "Titled Tuesday Blitz July 4 Early 2023"]
[White "Matamoros Franco, Carlos S."]
[Black "Sanhueza, Cristian"]
[WhiteFideId "3600017"]
[BlackFideId "116815"]
[WhiteElo "2615"]
[BlackElo "2454"]
[Result "0-1"]
[Round "10"]
[TimeControl "180+2"]
[Date "2023.07.04"]
[WhiteClock "0:00:00"]
[BlackClock "0:00:04"]
[Board "96"]

1. c4 Nf6 2. g3 g6 3. Bg2 Bg7 4. Nc3 O-O 5. d4 d6 6. Nf3 Nc6 7. d5 Na5 8. b3 c5 9. Bb2 a6 10. O-O Rb8 11. Nd2 b5 12. Qc1 Bh6 13. e3 bxc4 14. bxc4 Bf5 15. Re1 Bd3 16. Nd1 Bg7 17. Bf1 Bxf1 18. Rxf1 Qd7 19. Bc3 Qa4 20. Nb2 Rxb2 21. Qxb2 Nxc4 22. Nxc4 Qxc4 23. Rfd1 h5 24. Rac1 Qg4 25. Bxf6 Bxf6 26. Qb3 h4 27. Qc4 Qf3 28. Qf1 Kg7 29. Rd2 Rh8 30. Qg2 Qf5 31. g4 Qd7 32. h3 Rb8 33. Rdc2 Qa4 34. Qf3 Rb4 35. Kg2 a5 36. Qe2 Qa3 37. Rc4 Rb2 38. R1c2 Qxa2 39. Rxb2 Qxb2 40. Qxb2 Bxb2 41. Kf3 Kf6 42. Ke4 Ba3 43. Ra4 Bb4 44. Kd3 Ke5 45. e4 Kf4 46. Ra1 Kf3 47. e5 dxe5 48. Kc4 Kxf2 49. Kb5 Kg3 50. Kc6 Kxh3 51. Kd7 c4 52. Rc1 c3 53. g5 Kg2 0-1


[Site "https://www.chess.com"]

[Event "Titled Tuesday Blitz July 4 Early 2023"]
[White "Vlassov, Nikolai"]
[Black "Goncalves, Davi Sulzbacher"]
[WhiteFideId "4103360"]
[BlackFideId "2154510"]
[WhiteElo "2593"]
[BlackElo "2447"]
[Result "1-0"]
[Round "10"]
[TimeControl "180+2"]
[Date "2023.07.04"]
[WhiteClock "0:00:47"]
[BlackClock "0:00:07"]
[Board "97"]

1. e4 c5 2. c3 Nf6 3. e5 Nd5 4. d4 cxd4 5. cxd4 d6 6. Bc4 Nb6 7. Bb3 dxe5 8. Qh5 e6 9. dxe5 Nc6 10. Nc3 g6 11. Qg5 Qxg5 12. Bxg5 Bg7 13. Bf6 O-O 14. Nf3 Nd7 15. Bxg7 Kxg7 16. O-O-O Ndxe5 17. Nxe5 Nxe5 18. Rhe1 Ng4 19. f3 Nf6 20. g4 h6 21. h4 g5 22. hxg5 hxg5 23. Re5 Nh7 24. Ne4 Kg6 25. Bc2 f5 26. Nc5 Kf6 27. Rde1 b6 28. Nxe6 Re8 29. Rxf5+ Kg6 1-0


[Site "https://www.chess.com"]

[Event "Titled Tuesday Blitz July 4 Early 2023"]
[White "Zacurdajev, Dmitry"]
[Black "Ganiev, Roman"]
[WhiteFideId "4196309"]
[BlackFideId "4131452"]
[WhiteElo "2445"]
[BlackElo "2591"]
[Result "0-1"]
[Round "10"]
[TimeControl "180+2"]
[Date "2023.07.04"]
[WhiteClock "0:00:01"]
[BlackClock "0:00:07"]
[Board "98"]

1. d4 Nf6 2. c4 e6 3. Nc3 Bb4 4. Qc2 O-O 5. a3 Bxc3+ 6. Qxc3 d5 7. Bg5 h6 8. Bh4 dxc4 9. Qxc4 b6 10. Nf3 Ba6 11. Qa4 Qd7 12. Qc2 c5 13. Bxf6 gxf6 14. dxc5 Nc6 15. e3 Bxf1 16. Rxf1 Rac8 17. Rd1 Qe7 18. b4 Ne5 19. Nxe5 fxe5 20. c6 b5 21. Ke2 Rc7 22. Rc1 Qh4 23. g3 Qh5+ 24. f3 Rd8 25. h4 Rd5 26. Rfd1 Kg7 27. Qe4 f5 28. Qc2 e4 29. g4 exf3+ 30. Kf2 Qxh4+ 31. Kxf3 Qxg4+ 32. Kf2 Qh4+ 33. Kg1 Kh7 34. Rxd5 Rg7+ 35. Qg2 Rxg2+ 36. Kxg2 Qe4+ 37. Kg3 Qxe3+ 38. Kh4 Qg5+ 39. Kh3 Qxc1 40. Rd7+ Kg6 41. c7 Qc6 42. Re7 h5 43. Kh4 Qe4+ 44. Kg3 Qd3+ 45. Kf2 Qc4 46. Rd7 h4 47. Kg2 Kg5 48. Rg7+ Kf4 49. Kh3 Qc3+ 50. Kh2 Qxg7 51. c8=Q Qg3+ 52. Kh1 Qf3+ 53. Kh2 Qf2+ 54. Kh1 Qf3+ 55. Kh2 e5 56. Qc1+ Qe3 57. Qc7 Kg4 58. Qg7+ Kf3 59. Qg2+ Kf4 60. Qf1+ Qf3 61. Qc1+ Qe3 62. Qf1+ Ke4 63. Qxb5 f4 64. Qc4+ Qd4 65. Qe2+ Qe3 66. Qc4+ Kf3 67. Qd5+ Qe4 68. Qf7 Kf2 69. Kh3 Qf3+ 70. Kxh4 Qg3+ 71. Kh5 e4 72. Qa2+ Kg1 73. Qb1+ Kg2 74. Qc2+ Qf2 75. Qc6 Qf3+ 76. Kg5 e3 77. Qc2+ Kg3 78. Qd3 e2 79. Qd6 Qg4+ 80. Kf6 e1=Q 81. Qd5 Qe3 82. Qf5 Qxf5+ 83. Kxf5 f3 0-1


[Site "https://www.chess.com"]

[Event "Titled Tuesday Blitz July 4 Early 2023"]
[White "Bueno, Alfeu Junior Varela"]
[Black "Jaskolka, Tomasz"]
[WhiteFideId "2108879"]
[BlackFideId "1170791"]
[WhiteElo "2438"]
[BlackElo "2588"]
[Result "0-1"]
[Round "10"]
[TimeControl "180+2"]
[Date "2023.07.04"]
[WhiteClock "0:00:00"]
[BlackClock "0:00:03"]
[Board "99"]

1. e4 d5 2. exd5 Nf6 3. Bb5+ Nbd7 4. c4 a6 5. Ba4 b5 6. cxb5 Nxd5 7. Nc3 N7b6 8. bxa6+ Nxa4 9. Qxa4+ Bd7 10. Qc4 Nb6 11. Qe2 Qc8 12. Nf3 Rxa6 13. Ne5 g6 14. Nxd7 Nxd7 15. O-O Bg7 16. Nd5 Re6 17. Qc4 c6 18. d4 O-O 19. Nc3 Nb6 20. Qc5 Qd8 21. Be3 Nd7 22. Qa7 Nf6 23. Rfd1 Qd6 24. Qc5 Qb8 25. Rab1 Ng4 26. g3 Nxe3 27. fxe3 Rxe3 28. Qxc6 Rc8 29. Qg2 Bxd4 30. Rxd4 Rexc3 31. Rbd1 R3c5 32. Qd2 Kg7 33. Rd8 Rxd8 34. Qxd8 Qa7 35. Qd4+ e5 36. Qf2 Qc7 37. Rf1 f6 38. Qxf6+ Kh6 39. Qh4+ Kg7 40. Qf6+ Kh6 41. Qh4+ Kg7 42. Qe4 Qd6 0-1


[Site "https://www.chess.com"]

[Event "Titled Tuesday Blitz July 4 Early 2023"]
[White "Weishaeutel, Moritz"]
[Black "Herman, Daniel"]
[WhiteFideId "12967300"]
[BlackFideId "30935008"]
[WhiteElo "2578"]
[BlackElo "2430"]
[Result "1-0"]
[Round "10"]
[TimeControl "180+2"]
[Date "2023.07.04"]
[WhiteClock "0:00:41"]
[BlackClock "0:00:00"]
[Board "100"]

1. e4 e5 2. d4 exd4 3. Qxd4 Nc6 4. Qe3 Nf6 5. e5 Ng4 6. Qe4 Ngxe5 7. f4 d5 8. Qe2 Bd6 9. fxe5 Nxe5 10. Nc3 c6 11. Bf4 O-O 12. O-O-O Nd3+ 13. Qxd3 Bxf4+ 14. Kb1 Qf6 15. Qf3 Bf5 16. Bd3 Bxd3 17. Rxd3 Rae8 18. Nge2 Bg5 19. Qxf6 Bxf6 20. Ng3 g6 21. Rf1 Bg7 22. Rdd1 f5 23. Rfe1 Bxc3 24. bxc3 b5 25. Kc1 Kf7 26. Kd2 f4 27. Rxe8 Kxe8 28. Ne2 Kd7 29. Rf1 g5 30. g3 f3 31. g4 c5 32. Ng1 Rf4 33. Nxf3 Kd6 34. h3 h6 35. Ke2 a5 36. Nd2 Ra4 37. Rf6+ Ke5 38. Rxh6 Rxa2 39. Ke3 d4+ 40. cxd4+ cxd4+ 41. Kd3 Ra3+ 42. Ke2 a4 43. Nf3+ Kf4 44. Nxd4 b4 45. Rb6 1-0


[Site "https://www.chess.com"]

[Event "Titled Tuesday Blitz July 4 Early 2023"]
[White "Kashlinskaya, Alina"]
[Black "Mickiewicz, Piotr"]
[WhiteFideId "4198026"]
[BlackFideId "1114891"]
[WhiteElo "2566"]
[BlackElo "2430"]
[Result "1-0"]
[Round "10"]
[TimeControl "180+2"]
[Date "2023.07.04"]
[WhiteClock "0:00:34"]
[BlackClock "0:00:04"]
[Board "101"]

1. Nf3 Nf6 2. g3 g6 3. b3 Bg7 4. Bb2 O-O 5. Bg2 c5 6. O-O Nc6 7. d4 Ne4 8. Nbd2 d5 9. e3 Qa5 10. a3 Bg4 11. h3 Bf5 12. g4 Bd7 13. Nxe4 dxe4 14. Nd2 cxd4 15. Nxe4 dxe3 16. Bxg7 e2 17. Qxe2 Kxg7 18. Rad1 Rad8 19. Qe3 Bc8 20. b4 Qe5 21. f4 Qb2 22. Qc3+ Qxc3 23. Nxc3 Nd4 24. Rf2 Be6 25. Bxb7 h5 26. Rfd2 Rb8 27. Rxd4 Rxb7 28. gxh5 gxh5 29. Kh2 Bf5 30. Ne4 Kh6 31. c4 e6 32. c5 Rc7 33. Nd6 Rb8 34. Nxf5+ exf5 35. Rd6+ Kh7 36. Rf6 a5 37. Rd4 axb4 38. axb4 Kg7 39. Rxf5 Kg6 40. Rg5+ Kf6 41. Rd6+ Ke7 42. Rb6 Rxb6 43. cxb6 Rb7 44. Rb5 f5 45. Kg3 1-0


[Site "https://www.chess.com"]

[Event "Titled Tuesday Blitz July 4 Early 2023"]
[White "Vivas Zamora, Fabian Ernesto"]
[Black "Golubev, Mikhail"]
[WhiteFideId "3902480"]
[BlackFideId "14100983"]
[WhiteElo "2430"]
[BlackElo "2549"]
[Result "0-1"]
[Round "10"]
[TimeControl "180+2"]
[Date "2023.07.04"]
[WhiteClock "0:00:01"]
[BlackClock "0:00:22"]
[Board "102"]

1. e4 c5 2. Nf3 d6 3. d4 Nf6 4. Nc3 cxd4 5. Nxd4 g6 6. Be3 Bg7 7. f3 Nc6 8. Qd2 O-O 9. O-O-O d5 10. Nxc6 bxc6 11. Bc4 e6 12. Bb3 Bb7 13. Na4 Qc7 14. Nc5 Rad8 15. e5 Nd7 16. f4 d4 17. Qxd4 Nxe5 18. Qb4 Rxd1+ 19. Rxd1 Ng4 20. Bg1 Bc8 21. Kb1 Nf6 22. Ne4 Qxf4 23. Nxf6+ Qxf6 24. Bd4 Rd8 25. c3 e5 26. Bxa7 Qf5+ 27. Ka1 Rxd1+ 28. Bxd1 Qf1 29. Qd6 Bg4 30. Qd8+ Bf8 31. a4 Bxd1 32. Ka2 Qc4+ 33. Kb1 Qe4+ 34. Kc1 Qc2# 0-1


[Site "https://www.chess.com"]

[Event "Titled Tuesday Blitz July 4 Early 2023"]
[White "Przybylski, Wojciech"]
[Black "Avazkhonov, Alikhon"]
[WhiteFideId "1117599"]
[BlackFideId "14208504"]
[WhiteElo "2547"]
[BlackElo "2422"]
[Result "1-0"]
[Round "10"]
[TimeControl "180+2"]
[Date "2023.07.04"]
[WhiteClock "0:00:11"]
[BlackClock "0:00:00"]
[Board "103"]

1. d4 Nf6 2. c4 g6 3. Nc3 d5 4. cxd5 Nxd5 5. e4 Nxc3 6. bxc3 Bg7 7. Nf3 c5 8. Be3 Qa5 9. Qd2 Nc6 10. Rb1 a6 11. Be2 O-O 12. e5 Rd8 13. O-O cxd4 14. cxd4 Qxd2 15. Bxd2 Nxd4 16. Nxd4 Rxd4 17. Be3 Rd8 18. f4 Be6 19. Rxb7 Bxa2 20. Ra1 Bd5 21. Rxe7 a5 22. Bb6 Rdb8 23. Rxa5 Bf8 24. Rea7 Rxa7 25. Bxa7 Rb1+ 26. Kf2 Be4 27. Bd4 Rc1 28. g3 Rc2 29. Ke3 Bc6 30. Ra6 Bd5 31. Rb6 h5 32. Rb8 Be6 33. Bb2 Kg7 34. Bd3 Bc5+ 35. Bd4 Bxd4+ 36. Kxd4 Rxh2 37. f5 Bxf5 38. Bxf5 gxf5 39. Rb7 Kg6 40. Rb6+ Kg5 41. Rf6 Rd2+ 42. Ke3 Rd5 43. Rxf7 Rxe5+ 44. Kf3 Re4 45. Rg7+ Kf6 46. Rg8 Rg4 47. Rh8 Kg6 48. Rg8+ Kf6 49. Rh8 Kg6 50. Kf2 Kg5 51. Rg8+ Kf6 52. Rh8 Kg5 53. Kf3 f4 54. Rg8+ Kf5 55. Rf8+ Kg5 56. gxf4+ Kg6 57. Rg8+ Kf5 58. Rf8+ Kg6 59. Rh8 Rg1 60. Rg8+ 1-0


[Site "https://www.chess.com"]

[Event "Titled Tuesday Blitz July 4 Early 2023"]
[White "Estrada Nieto, Julian"]
[Black "Romero Ruscalleda, Josep"]
[WhiteFideId "5101018"]
[BlackFideId "2231859"]
[WhiteElo "2535"]
[BlackElo "2416"]
[Result "1/2-1/2"]
[Round "10"]
[TimeControl "180+2"]
[Date "2023.07.04"]
[WhiteClock "0:00:07"]
[BlackClock "0:00:13"]
[Board "104"]

1. e4 g6 2. d4 Bg7 3. Nf3 d6 4. Nc3 a6 5. a4 Nc6 6. Be2 Bg4 7. Be3 e5 8. dxe5 dxe5 9. Nd5 Nge7 10. Bg5 Qd6 11. Nf6+ Bxf6 12. Qxd6 cxd6 13. Bxf6 O-O 14. Rd1 Rfd8 15. h3 Bxf3 16. Bxf3 Kf8 17. c3 b5 18. axb5 axb5 19. O-O Na5 20. Rd3 Nb7 21. Rfd1 Ra2 22. b4 Rc8 23. Bg4 Rc7 24. R1d2 Rxd2 25. Rxd2 Ng8 26. Bg5 f6 27. Be3 Ke7 28. Be2 Rxc3 29. Bxb5 Rb3 30. Ba6 Rxb4 31. Rc2 Nc5 32. Rxc5 Rxe4 33. Rc7+ Ke6 34. Bd3 Ra4 35. Rxh7 Ne7 36. Bf1 d5 37. Bh6 d4 38. Bf8 Nf5 39. h4 Ra1 40. g4 d3 41. gxf5+ Kxf5 42. Bh6 e4 43. Be3 Kg4 44. Kg2 f5 45. Rf7 Kxh4 46. Rf6 Kh5 47. Rf8 g5 48. Rh8+ Kg4 49. Rg8 f4 50. Bd4 f3+ 51. Kg1 d2 52. Bxa1 d1=Q 53. Bf6 Qd5 54. Rxg5+ Qxg5 55. Bxg5 Kxg5 56. Bh3 Kf4 57. Bf1 e3 58. fxe3+ Kxe3 59. Kh2 Kf2 60. Bh3 Ke1 61. Kg3 f2 62. Bg2 Ke2 63. Bh3 Ke3 64. Bg2 Ke2 65. Bh3 Ke1 66. Bg2 f1=Q 67. Bxf1 1/2-1/2


[Site "https://www.chess.com"]

[Event "Titled Tuesday Blitz July 4 Early 2023"]
[White "Mazurkiewicz, Michal"]
[Black "Karamsetty, Jeevan"]
[WhiteFideId "1124943"]
[BlackFideId "2025337"]
[WhiteElo "2414"]
[BlackElo "2516"]
[Result "1-0"]
[Round "10"]
[TimeControl "180+2"]
[Date "2023.07.04"]
[WhiteClock "0:00:07"]
[BlackClock "0:00:06"]
[Board "105"]

1. e4 e5 2. Nf3 Nc6 3. Bb5 a6 4. Bxc6 dxc6 5. O-O Bg4 6. h3 Bxf3 7. Qxf3 Qd6 8. d3 f6 9. Nd2 O-O-O 10. Nc4 Qe6 11. a4 h5 12. Bd2 g5 13. Qe2 g4 14. h4 Ne7 15. g3 c5 16. c3 Qd7 17. Be3 Nc6 18. Rfd1 f5 19. exf5 Qxf5 20. Bg5 Re8 21. Qe4 Qf7 22. Re1 Bd6 23. Be3 Rhf8 24. Re2 Kd7 25. Rae1 b5 26. axb5 axb5 27. Nxd6 cxd6 28. c4 b4 29. b3 Ra8 30. Bh6 Rfe8 31. Be3 Ra3 32. Rb2 Rea8 33. Ree2 Ra1+ 34. Kg2 Rd1 35. Ra2 Ra1 36. Rxa8 Rxa8 37. Re1 Ra2 38. Rb1 Ra3 39. Rb2 Na5 40. Qa8 Qf3+ 41. Qxf3 gxf3+ 42. Kxf3 Nxb3 43. g4 hxg4+ 44. Kxg4 Ke6 45. h5 Na1 46. Rb1 Nc2 47. h6 Kf6 48. h7 Kg7 49. Rh1 Kh8 50. Bg5 Ra7 51. Bf6+ Rg7+ 52. Bxg7+ Kxg7 53. h8=Q+ Kf7 54. Rh7+ Ke6 55. Qe8+ Kf6 56. Rf7+ Kg6 57. Qg8+ 1-0


[Site "https://www.chess.com"]

[Event "Titled Tuesday Blitz July 4 Early 2023"]
[White "GAO"]
[Black "Shvedova, Alexandra"]
[BlackFideId "54154782"]
[WhiteElo "2410"]
[BlackElo "2514"]
[Result "1-0"]
[Round "10"]
[TimeControl "180+2"]
[Date "2023.07.04"]
[WhiteClock "0:00:13"]
[BlackClock "0:00:09"]
[Board "106"]

1. Nf3 Nf6 2. d4 d5 3. Bf4 e6 4. e3 Bd6 5. Bd3 c5 6. c3 Qc7 7. Bg3 Nbd7 8. Nbd2 O-O 9. O-O e5 10. dxe5 Nxe5 11. Nxe5 Bxe5 12. Nf3 Bxg3 13. hxg3 Bg4 14. Be2 Rfe8 15. Qc2 Rad8 16. Rfd1 a6 17. c4 h6 18. Rac1 dxc4 19. Qxc4 Rxd1+ 20. Rxd1 b5 21. Qf4 Qxf4 22. gxf4 Be6 23. a3 Nd5 24. Ne5 c4 25. f5 Bxf5 26. Rxd5 Be4 27. Rc5 Rd8 28. Bf3 Bb1 29. Rc6 Rd2 30. Rxa6 Rxb2 31. Rb6 c3 32. Bc6 c2 33. Nd3 Rb3 34. Nc1 Rxa3 35. Be4 g6 36. Rxb5 Ra4 37. Bd3 Ra3 38. Rc5 Ra1 39. Bxc2 Ba2 40. Bd1 Be6 41. Kf1 Kg7 42. Ke1 h5 43. Kd2 h4 44. Rc3 Ra5 45. Bb3 Rg5 46. Bxe6 fxe6 47. Ne2 Rxg2 48. Ke1 h3 49. Kf1 Rg4 50. Ng3 Kf6 51. Kg1 Rh4 52. Kh2 Rh7 53. Rc5 e5 54. Ne4+ Kf5 55. Ng3+ Kf6 56. Ra5 Rh8 57. Ra6+ Kg5 58. Re6 Kg4 59. Rxe5 Kf3 60. Nh1 Kg4 61. Re4+ Kf3 62. Rf4+ Ke2 63. Rg4 Rh6 64. Rg3 g5 65. Rxh3 Rf6 66. Rg3 Rh6+ 67. Kg2 Rg6 68. e4 g4 69. Re3+ Kd2 70. e5 Re6 71. Ng3 1-0


[Site "https://www.chess.com"]

[Event "Titled Tuesday Blitz July 4 Early 2023"]
[White "Carrasco Miranda, Andres"]
[Black "only_strong_moves"]
[WhiteFideId "3405990"]
[WhiteElo "2407"]
[BlackElo "2513"]
[Result "1-0"]
[Round "10"]
[TimeControl "180+2"]
[Date "2023.07.04"]
[WhiteClock "0:00:20"]
[BlackClock "0:00:06"]
[Board "107"]

1. d4 d5 2. c4 dxc4 3. e4 e5 4. Nf3 exd4 5. Bxc4 Nc6 6. O-O Be6 7. Bxe6 fxe6 8. Qb3 Qd7 9. Qxb7 Rb8 10. Qa6 Nf6 11. Nbd2 Bd6 12. Qe2 d3 13. Qd1 O-O 14. Re1 Rb5 15. Nc4 Ng4 16. h3 Nge5 17. Nfxe5 Nxe5 18. Qa4 Nxc4 19. Qxc4 Rb4 20. Qc3 Rb5 21. Be3 Bb4 22. Qc4 Bxe1 23. Rxe1 Rxb2 24. Rd1 d2 25. Bd4 Rb5 26. Rxd2 Rb1+ 27. Kh2 Qd6+ 28. g3 Re1 29. Bc3 Qe7 30. Rb2 Qf7 31. Bxe1 Qf6 32. Rb7 Qf3 33. Rxc7 Qd1 34. Qxe6+ Kh8 35. Qf7 Rg8 36. Bc3 Qd8 37. Bxg7+ 1-0


[Site "https://www.chess.com"]

[Event "Titled Tuesday Blitz July 4 Early 2023"]
[White "Duarte, Leonardo"]
[Black "Frolyanov, Dmitry"]
[WhiteFideId "110582"]
[BlackFideId "4151976"]
[WhiteElo "2406"]
[BlackElo "2512"]
[Result "0-1"]
[Round "10"]
[TimeControl "180+2"]
[Date "2023.07.04"]
[WhiteClock "0:00:24"]
[BlackClock "0:01:14"]
[Board "108"]

1. e4 e5 2. Nf3 Nf6 3. Nxe5 d6 4. Nf3 Nxe4 5. d4 d5 6. Bd3 Bd6 7. O-O O-O 8. Re1 Bf5 9. c4 c6 10. Qb3 Qd7 11. Nc3 Nxc3 12. Bxf5 Qxf5 13. Qxb7 Ne4 14. Qxa8 Qd7 15. c5 Na6 16. Qxf8+ Bxf8 17. Ne5 Qb7 18. a3 Nc7 19. b4 Ne6 20. Be3 g6 21. Rab1 Bg7 22. f4 Bxe5 23. fxe5 Qa6 24. Rb3 Qa4 25. Reb1 Nc7 26. Bc1 Nb5 27. Be3 Nxa3 28. R1b2 Nc4 29. Rb1 Ned2 0-1


[Site "https://www.chess.com"]

[Event "Titled Tuesday Blitz July 4 Early 2023"]
[White "FuenfgegenWilly"]
[Black "Womacka, Mathias"]
[BlackFideId "4611390"]
[WhiteElo "2405"]
[BlackElo "2506"]
[Result "0-1"]
[Round "10"]
[TimeControl "180+2"]
[Date "2023.07.04"]
[WhiteClock "0:00:40"]
[BlackClock "0:01:19"]
[Board "109"]

1. d4 Nf6 2. c4 e6 3. Nc3 Bb4 4. e3 c5 5. Ne2 cxd4 6. exd4 O-O 7. a3 Be7 8. Ng3 d5 9. cxd5 Nxd5 10. Bd3 Nc6 11. O-O Nxd4 12. Bxh7+ Kxh7 13. Qxd4 Bf6 14. Qe4+ Kg8 15. Nxd5 Qxd5 16. Qxd5 exd5 17. Rd1 Be6 18. Be3 Bxb2 19. Rab1 Bxa3 20. Rxb7 a5 21. Ne2 Rfb8 22. Rxb8+ Rxb8 23. Ra1 Bb4 24. Nd4 Bc3 25. Rc1 Bb2 26. Rb1 a4 27. Nc2 Bf5 28. Bd4 a3 0-1


[Site "https://www.chess.com"]

[Event "Titled Tuesday Blitz July 4 Early 2023"]
[White "Novikov, Evgenij"]
[Black "Tinmaz, Kerem"]
[WhiteFideId "4125380"]
[BlackFideId "44559151"]
[WhiteElo "2506"]
[BlackElo "2397"]
[Result "0-1"]
[Round "10"]
[TimeControl "180+2"]
[Date "2023.07.04"]
[WhiteClock "0:00:00"]
[BlackClock "0:00:06"]
[Board "110"]

1. d4 d5 2. c4 c6 3. Nf3 Nf6 4. Nc3 dxc4 5. a4 Bf5 6. Ne5 Nbd7 7. Nxc4 Nb6 8. Ne5 a5 9. e3 e6 10. Bd3 Bxd3 11. Qxd3 Bd6 12. f4 Nbd5 13. O-O O-O 14. Bd2 c5 15. Nxd5 Nxd5 16. e4 Nb4 17. Bxb4 axb4 18. d5 exd5 19. exd5 Re8 20. Nc4 Qf6 21. b3 g6 22. g3 Rad8 23. Rae1 Kg7 24. Kg2 h5 25. h4 Rxe1 26. Rxe1 Qc3 27. Re3 Qxd3 28. Rxd3 Kf6 29. Na5 b6 30. Nc4 Bc7 31. d6 Bb8 32. Kf3 Ke6 33. Re3+ Kd7 34. Re7+ Kc6 35. Rxf7 Bxd6 36. Rf6 Kd5 37. Nxb6+ Kd4 38. Rxg6 Kc3 39. Nc4 Bc7 40. Rc6 Kxb3 41. Ne3 Rd7 42. Rxc5 Kxa4 43. Rd5 Rxd5 44. Nxd5 b3 45. Ke4 b2 46. Kd3 Kb3 47. Nc3 Ba5 48. Nb1 Be1 49. f5 Bxg3 50. f6 Bxh4 51. f7 Be7 52. Nd2+ Ka2 53. Kc2 h4 54. Nb1 h3 55. Nc3+ Ka1 0-1


[Site "https://www.chess.com"]

[Event "Titled Tuesday Blitz July 4 Early 2023"]
[White "Liu, Casper"]
[Black "Gaal, Zsoka"]
[WhiteFideId "1454153"]
[BlackFideId "777765"]
[WhiteElo "2505"]
[BlackElo "2392"]
[Result "1-0"]
[Round "10"]
[TimeControl "180+2"]
[Date "2023.07.04"]
[WhiteClock "0:00:55"]
[BlackClock "0:00:01"]
[Board "111"]

1. c3 g6 2. e4 Bg7 3. d4 d6 4. h4 c5 5. dxc5 dxc5 6. Qxd8+ Kxd8 7. Be3 b6 8. Nf3 Bb7 9. Ng5 Ke8 10. Bb5+ Kf8 11. Na3 h6 12. O-O-O Nc6 13. Rd7 Na5 14. Rhd1 Bf6 15. Bf4 hxg5 16. hxg5 Bxe4 17. f3 Bf5 18. Rc7 Kg7 19. gxf6+ exf6 20. b4 a6 21. Be2 cxb4 22. cxb4 g5 23. Be3 Rh2 24. bxa5 Rxg2 25. Bc4 b5 26. Bxf7 Rc8 27. Rxc8 Bxc8 28. Bxg8 Bf5 29. Bb3 Rg3 30. Rd6 Rxf3 31. Bd4 Bg6 32. Rxa6 Rf1+ 33. Kb2 Rd1 34. Bxf6+ Kh6 35. Nxb5 Rd2+ 36. Ka3 Rf2 37. Rb6 g4 38. a6 g3 39. Bd4 Rf3 40. a7 Rf8 41. Rb8 Be4 42. Rxf8 g2 43. Nd6 Bc6 44. Kb4 Kh5 45. Kc5 Kg4 46. Kxc6 Kg3 47. a4 1-0


[Site "https://www.chess.com"]

[Event "Titled Tuesday Blitz July 4 Early 2023"]
[White "Kirillov, Dmitry"]
[Black "Topalov, Aleksandar"]
[WhiteFideId "34180572"]
[BlackFideId "925659"]
[WhiteElo "2504"]
[BlackElo "2390"]
[Result "1-0"]
[Round "10"]
[TimeControl "180+2"]
[Date "2023.07.04"]
[WhiteClock "0:02:35"]
[BlackClock "0:01:41"]
[Board "112"]

1. d4 Nf6 2. Nf3 g6 3. c4 Bg7 4. g3 O-O 5. Bg2 c5 6. O-O cxd4 7. Nxd4 Nc6 8. Nc3 Nxd4 9. Qxd4 d6 10. Qd3 Bf5 11. e4 Bd7 12. b3 Bc6 13. Be3 a5 14. Rad1 Nd7 15. f4 Nc5 16. Qc2 Qb6 17. Nd5 Bxd5 18. exd5 a4 19. bxa4 Qb4 20. Rb1 Qxa4 21. Qxa4 Rxa4 22. Bxc5 dxc5 23. Rxb7 Re8 24. d6 Rxa2 25. Bc6 1-0


[Site "https://www.chess.com"]

[Event "Titled Tuesday Blitz July 4 Early 2023"]
[White "Postlmayer, Jakob"]
[Black "Juknis, Paulius"]
[WhiteFideId "1643622"]
[BlackFideId "12802247"]
[WhiteElo "2496"]
[BlackElo "2346"]
[Result "1-0"]
[Round "10"]
[TimeControl "180+2"]
[Date "2023.07.04"]
[WhiteClock "0:00:19"]
[BlackClock "0:00:20"]
[Board "113"]

1. d4 Nf6 2. Nf3 g6 3. Nbd2 Bg7 4. e4 d6 5. Be2 O-O 6. O-O Nc6 7. c3 e5 8. dxe5 dxe5 9. Qc2 a5 10. a4 b6 11. Rd1 Qe7 12. b3 Rd8 13. Ba3 Qe8 14. Bb5 Bd7 15. Nc4 Nh5 16. Ne3 Ne7 17. Bxd7 Rxd7 18. Rxd7 Qxd7 19. Rd1 Qe6 20. Bxe7 Qxe7 21. Nd5 Qc5 22. g3 c6 23. Ne3 Nf6 24. Qd3 Bh6 25. Nc4 Re8 26. Kg2 Ng4 27. Qe2 Nf6 28. Rd6 Bg7 29. Nfd2 b5 30. Qe3 Qxe3 31. Nxe3 Rc8 32. Kf3 Ne8 33. Rd7 Bh6 34. Ra7 Bxe3 35. Kxe3 bxa4 36. bxa4 Rb8 37. Rxa5 Rb2 38. Ra8 Kf8 39. Nc4 Re2+ 1-0


[Site "https://www.chess.com"]

[Event "Titled Tuesday Blitz July 4 Early 2023"]
[White "Cardozo Munar, Carlos Eduardo"]
[Black "Mica, Marek"]
[WhiteFideId "4409477"]
[BlackFideId "382884"]
[WhiteElo "2337"]
[BlackElo "2484"]
[Result "0-1"]
[Round "10"]
[TimeControl "180+2"]
[Date "2023.07.04"]
[WhiteClock "0:00:00"]
[BlackClock "0:00:49"]
[Board "114"]

1. d4 d5 2. Nf3 e6 3. c3 Nf6 4. Bg5 c5 5. e3 Nc6 6. Nbd2 h6 7. Bh4 cxd4 8. exd4 Bd6 9. Bd3 g5 10. Bg3 Nh5 11. Qe2 Nf4 12. Bxf4 gxf4 13. Ne5 Bxe5 14. dxe5 Qg5 15. Nf3 Qxg2 16. O-O-O Bd7 17. h4 Qg7 18. h5 Qf8 19. Qd2 Qc5 20. Qxf4 Qxf2 21. Rdf1 Qc5 22. Qf6 Qf8 23. Nh4 Rg8 24. Ng6 Qg7 25. Qf4 O-O-O 26. Qxf7 Nxe5 27. Nxe5 Qxe5 28. Re1 Qg5+ 29. Kb1 Rdf8 30. Qh7 Rg7 31. Rhg1 Rxh7 32. Rxg5 hxg5 33. Bxh7 g4 34. Bg6 Kd8 35. h6 Ke7 36. h7 Kf6 37. Bd3 Rh8 38. Kc2 e5 39. Rh1 e4 40. Be2 Bf5 41. Kd2 Kg5 42. c4 d4 43. c5 Rxh7 44. Rf1 e3+ 45. Kd1 Rh2 46. b4 Be6 47. b5 Rxe2 48. Kxe2 Bc4+ 49. Ke1 Bxb5 50. Rf7 d3 0-1


[Site "https://www.chess.com"]